 Dungeon Crawl Stone Soup version 0.29-a0-359-g541a27f54d (webtiles) character file.

Game seed: 17963391974854453654

277 chopper the Chopper (level 6, -2/53 HPs)
             Began as a Minotaur Fighter on Apr 28, 2022.
             Slain by an orc
             ... wielding a +0 mace
              (3 damage)
             ... on level 4 of the Dungeon.
             The game lasted 00:15:30 (3009 turns).

chopper the Chopper (Minotaur Fighter)              Turns: 3009, Time: 00:15:32

Health: -2/53      AC: 10    Str: 23    XL:     6   Next: 4%
Magic:  5/5        EV:  6    Int:  5    God:
Gold:   252        SH:  0    Dex:  9    Spells: 5/5 levels left

rFire   . . .      SeeInvis .   a - +0 war axe
rCold   + + .      Faith    .   u - +0 kite shield
rNeg    . . .      Spirit   .   q - +0 chain mail
rPois   .          Reflect  .   (helmet restricted)
rElec   .          Harm     .   (no cloak)
rCorr   .          Rampage  .   e - +0 pair of gloves
Will    .....                   (no boots)
Stlth   ..........              (no amulet)
HPRegen 0.17/turn               m - ring of protection from cold
MPRegen 0.09/turn               z - ring of protection from cold

@: confused, mighty
A: horns 2, retaliatory headbutt
a: no special abilities


You were on level 4 of the Dungeon.
You visited 1 branch of the dungeon, and saw 4 of its levels.

You collected 252 gold pieces.

Inventory:

Hand Weapons
 a - a +0 war axe (weapon)
 b - a +0 hunting sling
 f - a +3 hand axe
 l - a +2 dagger of venom
Missiles
 s - 20 stones (quivered)
 y - a throwing net
Armour
 e - a +0 pair of gloves (worn)
 q - a +0 chain mail (worn)
 u - a +0 kite shield (worn)
Jewellery
 m - a ring of protection from cold (left hand)
 o - a ring of protection from fire
 w - a +6 ring of dexterity
 z - a ring of protection from cold (right hand)
Scrolls
 c - a scroll of amnesia {unknown}
 g - a scroll of magic mapping {unknown}
 i - 2 scrolls of teleportation {unknown}
 j - 3 scrolls of identify {unknown}
 k - 2 scrolls of silence {unknown}
 p - a scroll of enchant weapon {unknown}
 x - a scroll of enchant armour {unknown}
 A - a scroll of holy word {unknown}
Potions
 h - 2 potions of ambrosia {unknown}
 n - a potion of lignification {unknown}
 r - a potion of curing {unknown}
 t - a potion of heal wounds {unknown}
 v - a potion of degeneration {unknown}


   Skills:
 + Level 4.5 Fighting
 + Level 5.4 Axes
 + Level 4.7 Armour
 + Level 1.0 Dodging
 + Level 0.1 Stealth
 + Level 4.6 Shields


You had 5 spell levels left.
You didn't know any spells.
Your spell library was empty.

Dungeon Overview and Level Annotations

Branches:
Dungeon (4/15)
 Temple: D:4-7

Altars:
Fedhas
Zin

Annotations:
D:4 Dowan


Innate Abilities, Weirdness & Mutations

You have a pair of horns on your head.
You reflexively headbutt those who attack you in melee.


Message History

You closely miss Dowan.
Dowan says, "How can I live without her?"
You block Dowan's attack.
The orc priest hits you but does no damage.
Dowan hits you but does no damage.
The orc priest hits you but does no damage.
The orc priest looks satisfied for a moment.
You block the orc's attack. Dowan hits you with a +0 dagger.
* * * LOW HITPOINT WARNING * * *
You feel very mighty all of a sudden.
Dowan mumbles some strange words.
Dowan blinks!
An orc priest comes into view. It is wielding a +3 trident of flaming.
The orc hits you with a +0 mace.
* * * LOW HITPOINT WARNING * * *
The orc wizard points at you and mumbles some strange words.
You are confused.
The orc priest hits you but does no damage.
You slice the orc priest!!
You kill the orc priest!
You hit the orc but do no damage.
You have reached level 6!
The orc hits you but does no damage.
There is a stone staircase leading up, spattered with blood here.
You closely miss Dowan.
Dowan is severely wounded.
You miss the orc wizard. You miss the orc. x2
Dowan hits you but does no damage. The orc hits you but does no damage.
The orc wizard barely misses you. The orc hits you with a +0 mace.
* * * LOW HITPOINT WARNING * * *
Dowan hits you but does no damage. The orc closely misses you.
The orc hits you but does no damage. The orc wizard completely misses you.
Dowan hits you with a +0 dagger.
* * * LOW HITPOINT WARNING * * *
The orc priest hits you from afar with a +3 trident of flaming.
* * * LOW HITPOINT WARNING * * *
The orc priest burns you.
* * * LOW HITPOINT WARNING * * *
The orc hits you but does no damage. The orc hits you with a +0 mace.
You die...

###.## ####.S ##....#
####...## ##.....##
####..[S###
#.......####....#..#
##......#....###....#
#......).#### #....#
##.....### #....#
##.eo## .....# #.o@#
#.....# #....o.#
#.....# #..##.o.#
...## ...# #...# ....
##..# ... #..# ..
#..# #..#


You could see Dowan (fast), an orc priest, an orc wizard and 2 orcs.

Vanquished Creatures
  Duvessa (D:4)
  An orc priest (D:4)
  Jessica (D:2)
  4 gnolls (D:3)
  An adder (D:3)
  3 worms (D:2)
  A dart slug (D:2)
  7 ball pythons
  3 endoplasms
  4 giant cockroaches
  4 goblins
  5 hobgoblins
  7 jackals (D:1)
  4 bats (D:2)
  3 frilled lizards
  4 kobolds
  4 rats
57 creatures vanquished.

Vanquished Creatures (others)
  4 fungi (D:2)
  8 plants
12 creatures vanquished.

Grand Total: 69 creatures vanquished

Notes
Turn   | Place    | Note
-------+----------+-------------------------------------------
     0 | D:1      | chopper the Minotaur Fighter began the quest for the Orb.
     0 | D:1      | Reached XP level 1. HP: 19/19 MP: 0/0
   258 | D:1      | Reached XP level 2. HP: 27/27 MP: 1/1
   637 | D:1      | Reached skill level 3 in Axes
   756 | D:1      | Reached XP level 3. HP: 33/33 MP: 2/2
  1029 | D:2      | Noticed Jessica
  1032 | D:2      | Killed Jessica
  1112 | D:2      | Reached XP level 4. HP: 37/40 MP: 3/3
  1217 | D:2      | Reached skill level 4 in Axes
  1621 | D:2      | Found a faded altar of an unknown god.
  1836 | D:3      | Found a blossoming altar of Fedhas.
  2149 | D:3      | Reached skill level 1 in Dodging
  2429 | D:3      | Found a glowing silver altar of Zin.
  2604 | D:4      | Noticed Duvessa
  2605 | D:4      | Noticed Dowan
  2630 | D:3      | Reached XP level 5. HP: 28/46 MP: 4/4
  2754 | D:4      | Killed Duvessa
  2755 | D:4      | Reached skill level 5 in Axes
  3007 | D:4      | Reached XP level 6. HP: 12/53 MP: 5/5
  3009 | D:4      | HP: 2/53 [orc priest/+3 trident of flaming (4)]
  3009 | D:4      | Slain by an orc

Illustrated notes

Levels and vault maps discovered:
D:1:      dpeg_arrival_rhombus, layout_loops_ring, minmay_domino_4
D:2:      layout_loops_cross, shapermc_ecumenical_altar_mp_ritualfount,
          kennysheep_potato, uniq_jessica
D:3:      layout_basic, fedhas_ov_isle_minmay, zin_statuary
D:4:      layout_cave_pods, kennysheep_pointless_box, abandoned_shop,
          uniq_crazy_yiuf_cottage, uniq_duvessa, uniq_menkaure

Skill      XL: |  1  2  3  4  5 |
---------------+----------------+-----
Armour         | 4 |  4.7
Axes           | 3 4 5 |  5.4
Shields        | 4 |  4.6
Fighting       | 4 |  4.5
Dodging        | 1 |  1.0
Stealth        | |  0.1

Action                   |  1- 3 |  4- 6 || total
-------------------------+-------+-------++-------
Melee: War axe           |    68 |    81 ||   149
       Headbutt          |     8 |    12 ||    20
  Use: Potion            |       |     1 ||     1
Armor: Scale mail        |    54 |     6 ||    60
       Chain mail        |       |    31 ||    31
Dodge: Dodged            |    49 |    15 ||    64
Block: Buckler           |    22 |     8 ||    30
       Kite shield       |       |    29 ||    29

Table legend: (Time is in decaauts)
 A = Elapsed time spent in this place.
 B = Non-inter-level travel time spent in this place.
 C = Inter-level travel time spent in this place.
 D = Time resting spent in this place.
 E = Time spent auto-exploring this place.
 F = Levels seen in this place.
 G = Mean time per level.
                   A        B        C        D        E       F      G
               +--------+--------+--------+--------+--------+-----+--------+
         Total |   3075 |   3075 |      0 |    544 |      0 |   4 |  768.8 |
       Dungeon |   3075 |   3075 |      0 |    544 |      0 |   4 |  768.8 |
               +--------+--------+--------+--------+--------+-----+--------+

Top non-repeatable levels by time:
     D:3: 1178 daAuts
     D:1: 977 daAuts
     D:2: 755 daAuts
     D:4: 163 daAuts
